[Event "24th Hoogeschool Zeeland 2022"]
[Site "Vlissingen"]
[Date "2022.08.12"]
[Round "8.13"]
[White "Duson, Robin"]
[Black "Grutter, Tim"]
[Result "0-1"]
[ECO "E73"]
[WhiteElo "2027"]
[BlackElo "2246"]
[Annotator "TA"]
[PlyCount "102"]
[EventDate "2022.08.05"]
[EventType "swiss"]
[EventCountry "NED"]
[SourceTitle "playchess.com"]
[Source "ChessBase"]
[SourceQuality "1"]
[TimeControl "40/5400+30:1800+30"]

1. d4 Nf6 2. c4 g6 3. Nc3 Bg7 4. e4 d6 5. Be2 O-O 6. Be3 Nc6 7. d5 Ne5 {[%emt 0:00:05] E73: King's Indian: Averbakh Variation without 6...c5.} 8. f4 Neg4 9. Bd2 Nh6 $1 {[%emt 0:00:05] White is slightly better.} 10. Nf3 c6 11. a4 e6 12. dxe6 Bxe6 13. Ng5 {[%emt 0:01:52] [#]} d5 $146 ({Predecessor:} 13... Re8 14. O-O Bg4 15. Bxg4 Qb6+ 16. Kh1 Nhxg4 17. Qe2 h6 18. Nxf7 Kxf7 19. h3 Qd4 20. hxg4 Nxe4 21. Nxe4 Qxe4 {½-½ (49) Riazantsev,A (2638)-Makarian,R (2441) Sochi 2020}) 14. cxd5 cxd5 15. e5 (15. Nxe6 fxe6 16. e5 Nd7 $11) 15... d4 (15... Ne4 $11 {remains equal.}) 16. Nb5 $16 (16. exf6 $6 dxc3 17. Bxc3 Bxf6 $11) 16... d3 17. Bf3 Nd5 (17... Nd7 $16) 18. Ra3 $1 $18 a6 19. Nd6 Qb6 20. Rxd3 Nb4 21. Ra3 Qd4 22. Bxb4 Qxb4+ 23. Qd2 Qb6 (23... Qxd2+ $16 {is a better defense.} 24. Kxd2 Nf5) 24. a5 (24. Bxb7 $6 Rab8 $18) 24... Qa7 25. Qf2 (25. Bxb7 Rab8 $16) 25... Qb8 (25... Qxf2+ $142 26. Kxf2 Rab8) 26. O-O (26. Bxb7 $6 Ra7 $18) 26... Nf5 27. Rd1 (27. Bxb7 Ra7 $16) 27... Nxd6 28. Rxd6 Rc8 (28... Qc7 $142 29. Ra1 (29. Nxe6 fxe6 30. Qe3 g5 $16) 29... Bf5) 29. Nxe6 (29. Qh4 $18 {and White stays clearly on top.} Rc1+ 30. Kf2 (30. Rd1 Rxd1+ 31. Bxd1 Qd8 $11)) 29... fxe6 30. Rd7 Rc1+ 31. Bd1 Bf8 $2 (31... Qc8 $16 {is a better chance.} 32. Rad3 Rc7 33. Rxc7 Qxc7) 32. Rc3 $2 (32. Qh4 $1 $18 Bg7 33. Rad3) 32... Rxc3 33. bxc3 {[%emt 0:00:07] aiming for Qh4.} Qc8 34. Qd2 Qc5+ 35. Kh1 Qxa5 36. h3 ({Not} 36. Rxb7 $2 Rd8 37. Qe2 (37. Rd7 $2 Qb5 $19) 37... Qa1 $19) 36... Qb6 $2 (36... Qb5 $16) 37. Bf3 (37. f5 $1 $18 {[%cal Rf5g6] is the precise move to win. Threatening mate with fxg6.} Qb1 38. fxe6) 37... Rb8 38. Be4 Qb5 39. Rc7 (39. Kh2 $16) 39... Bc5 ({Black should play} 39... Bh6 $1 $11 40. Qf2 Rf8) 40. c4 (40. Kh2 $14) 40... Qxc4 $15 {[%emt 0:02:35] Strongly threatening ...Qf1+.} 41. Bxb7 Qf1+ 42. Kh2 Qg1+ 43. Kg3 Be3 44. Qa2 {[%emt 0:04:18][%mdl 8192] [#]} (44. Qe2 $15) 44... Bxf4+ $1 $19 {[%emt 0:03:29][%mdl 512] Black is clearly winning.} 45. Kg4 {[%emt 0:06:23] [#]} Qd1+ $1 46. Bf3 {[%emt 0:01:32] [#]} h5+ $1 ({Worse is} 46... Qd8 47. Qxe6+ Kh8 48. Re7 $11) 47. Kxf4 Qd4+ {[%emt 0:00:08][%mdl 64] Deflection} 48. Kg5 Qxe5+ 49. Kxg6 Qf5+ 50. Kh6 Qf6+ 51. Kxh5 Rb5+ {[%emt 0:00:05] Quite a comeback for Black.  Weighted Error Value: White=0.82/Black=0.39} 0-1

[Event "24th Hoogeschool Zeeland 2022"]
[Site "Vlissingen"]
[Date "2022.08.12"]
[Round "8.14"]
[White "Van Wijk, Peter"]
[Black "Stillger, Bernhard"]
[Result "0-1"]
[ECO "B12"]
[WhiteElo "2016"]
[BlackElo "2245"]
[Annotator "TA"]
[PlyCount "112"]
[EventDate "2022.08.05"]
[EventType "swiss"]
[EventCountry "NED"]
[SourceTitle "playchess.com"]
[Source "ChessBase"]
[SourceQuality "1"]
[TimeControl "40/5400+30:1800+30"]

1. e4 c6 2. d4 d5 3. e5 Bf5 4. h4 Qc7 5. g4 Bd7 6. c3 {[%emt 0:25:49] [#] B12: Caro-Kann: Advance Variation.} (6. Nc3 $142) 6... e6 $146 ({Predecessor:} 6... c5 7. Be3 Nc6 8. Na3 a6 9. Nc2 e6 10. h5 cxd4 11. cxd4 Rc8 12. a3 Nxe5 13. dxe5 Qxc2 14. Qxc2 Rxc2 {0-1 (49) Perez Gormaz,M (2404)-Jobava,B (2588) Chess.com INT 2022}) 7. Bd3 c5 8. Nd2 {[%emt 0:07:42] The position is equal.} Nc6 9. Ndf3 cxd4 10. cxd4 Nb4 {[%emt 0:00:23] Strongly threatening ...Qa5.} 11. Bb1 Rc8 12. Bd2 Bb5 13. Bc3 Qc4 {[%emt 0:09:20] ...Qf1+ is the strong threat.} 14. Ne2 Nd3+ (14... h5 {feels hotter.} 15. gxh5 Nd3+ 16. Qxd3 Qxd3 17. Bxd3 Bxd3 18. Kd2 Bxe2 19. Kxe2 Rxh5 20. Rhc1 Kd7) 15. Bxd3 Qxd3 16. Qxd3 Bxd3 17. Ng3 Nh6 18. g5 Nf5 19. Nxf5 Bxf5 20. Ke2 Kd7 21. Rac1 Be7 22. Bd2 Bc2 23. Ne1 Be4 {[%emt 0:02:02] Black is more active.} 24. f3 Rxc1 25. Bxc1 Bf5 26. Ng2 Bb1 27. a3 Rc8 28. Bd2 Ba2 {[%emt 0:00:50] Hoping for ...Rc2.} (28... Bg6 $5 ) 29. Rc1 {[%emt 0:00:29] Inhibits Rc2.} (29. Ne3 $11) 29... Rxc1 $15 30. Bxc1 {[%emt 0:00:03][%mdl 4096] Endgame KBB-KBN} Kc6 31. Ne3 Bb1 32. Kd2 Bg6 33. Nf1 Bh5 34. f4 b5 35. b4 f6 36. Kc3 Kd7 37. Ng3 Bg4 38. Bd2 Ke8 39. Kd3 Kf7 40. Ke3 Kg6 41. Kf2 h6 ({Black should try} 41... fxg5 $17 42. hxg5 h6 43. gxh6 gxh6) 42. exf6 $11 gxf6 43. gxh6 {[%emt 0:00:00] [#]} (43. f5+ $1 $11 {remains equal.} exf5 44. gxh6) 43... f5 $1 $17 ({Reject} 43... Kxh6 $6 44. f5+ Kh7 45. fxe6 $11) 44. Ne2 $2 {[%emt 0:00:00][%mdl 8192] Now White is beyond hope.} (44. Nh1 $17) 44... Bxe2 $19 45. Kxe2 Kxh6 {[%emt 0:00:00] KB-KB} 46. Be1 Kh5 47. Kf3 Bxh4 (47... Bf6 $142 48. Bc3 Kxh4 49. Be1+ Kh3) 48. Bc3 a6 49. Bd2 Bf6 50. Be3 Kh4 {[%emt 0:00:00] And now ...Kh3 would win.} 51. Bg1 Kh3 52. Bf2 $2 (52. Be3) 52... Bh4 {[%emt 0:00:00] ( -> ...Bxf2)} 53. Bg1 Be1 54. Ke2 {[%emt 0:00:01] [#]} Kg2 $1 55. Be3 Bc3 {[%emt 0:00:00] aiming for ...Kg3.} 56. Kd3 {[%emt 0:00:09] [#]} Kf3 $1 {[%emt 0:00:00] Weighted Error Value: White=0.69/Black=0.06 (flawless)} 0-1

[Event "24th Hoogeschool Zeeland 2022"]
[Site "Vlissingen"]
[Date "2022.08.12"]
[Round "8.15"]
[White "Saketh, Pedagandham"]
[Black "Nieuwelink, Kees"]
[Result "1-0"]
[ECO "C47"]
[WhiteElo "1928"]
[BlackElo "2200"]
[Annotator "TA"]
[PlyCount "59"]
[EventDate "2022.08.05"]
[EventType "swiss"]
[EventCountry "NED"]
[SourceTitle "playchess.com"]
[Source "ChessBase"]
[SourceQuality "1"]
[TimeControl "40/5400+30:1800+30"]

1. e4 e5 2. Nf3 Nc6 3. d4 exd4 4. Nxd4 Nf6 5. Nc3 Bc5 6. Be3 Bb6 7. Qd2 $1 {[%emt 0:00:55][%mdl 4] is more profitable than 7.Nxc6 at the moment. C47: Scotch Four Knights and Four Knights with 4 g3.} O-O 8. O-O-O Re8 9. f3 {[%emt 0:00:54] White is slightly better.} d5 10. exd5 Nxd5 11. Bg5 Nde7 12. Nxc6 Qxd2+ 13. Bxd2 Nxc6 14. Nd5 Be6 15. Nxb6 axb6 16. a3 {[%emt 0:00:05] [#]} Na5 $146 ({Predecessor:} 16... Ne7 17. Bd3 c6 18. Rhe1 b5 19. Re2 Nd5 20. Rde1 Red8 21. h3 b4 22. Bxb4 Nf4 {1-0 (41) Van Foreest,J (2461)-Ernst,S (2554) Dieren 2014}) 17. Bf4 Re7 18. Bd3 f6 ({Black should play} 18... h6) 19. Rhe1 $16 Rae8 {[%emt 0:00:36] [#]} 20. b4 $1 Nc6 {[%emt 0:00:41] [#]} 21. Rxe6 $1 Rxe6 22. Bc4 Ne5 (22... b5 $142 23. Bxe6+ Rxe6) 23. Bxe5 $18 fxe5 {[%emt 0:00:06][%mdl 4096] Endgame KRR-KRB} 24. Rd7 Kf8 $2 (24... b5 {was called for.} 25. Bxe6+ Rxe6 26. Rxc7 b6) 25. Bxe6 Rxe6 26. Rxc7 e4 27. fxe4 Rxe4 28. Rxb7 Re2 $2 (28... Re6 29. Kb2 Rg6) 29. Rxb6 Rxg2 30. a4 {[%emt 0:00:08] Weighted Error Value: White=0.01 (flawless) /Black=0.32} 1-0

[Event "24th Hoogeschool Zeeland 2022"]
[Site "Vlissingen"]
[Date "2022.08.12"]
[Round "8.16"]
[White "Van der Zalm, Marnix"]
[Black "Grochal, Joey"]
[Result "0-1"]
[ECO "D47"]
[WhiteElo "2088"]
[BlackElo "2290"]
[Annotator "TA"]
[PlyCount "50"]
[EventDate "2022.08.05"]
[EventType "swiss"]
[EventCountry "NED"]
[SourceTitle "playchess.com"]
[Source "ChessBase"]
[SourceQuality "1"]
[TimeControl "40/5400+30:1800+30"]

1. d4 Nf6 2. Nf3 d5 3. c4 c6 4. Nc3 e6 5. e3 Nbd7 6. Bd3 dxc4 7. Bxc4 b5 8. Bb3 Bb7 9. O-O a6 10. a4 b4 11. Ne2 c5 12. Ng3 {[%emt 0:02:03] [#] D47: Semi-Slav: Meran System.} h5 $146 {[%emt 0:09:03] aiming for ...h4.} ({Predecessor:} 12... Rc8 13. Qe2 Qa5 14. Rd1 Be7 15. e4 cxd4 16. Nxd4 Nc5 17. e5 Nfd7 18. Bc2 b3 19. Nxb3 Nxb3 20. Bxb3 Nxe5 {1-0 (34) Visakh,N (2471)-Sanikidze,T (2512) Konya 2018}) 13. d5 Bxd5 14. Bxd5 {[%emt 0:07:37] Black is slightly better.} exd5 15. e4 dxe4 16. Nf5 $2 {[%emt 0:14:01] [#] Now White is beyond hope.} g6 $19 17. Nd6+ Bxd6 18. Qxd6 Qe7 19. Qc7 (19. Qxe7+ $17 Kxe7 20. Re1) 19... exf3 {[%emt 0:02:59] Black is clearly winning.} 20. Bh6 Ne5 21. Qxe7+ Kxe7 22. Bg5 Ke6 23. Rfe1 Kf5 24. h4 Rhe8 25. Rad1 Rad8 {[%emt 0:00:47] Weighted Error Value: White=0.85/Black=0.09 (flawless)} 0-1

[Event "24th Hoogeschool Zeeland 2022"]
[Site "Vlissingen"]
[Date "2022.08.12"]
[Round "8.17"]
[White "Ollenberger, Roland"]
[Black "Marzano, Carlo"]
[Result "1-0"]
[ECO "A00"]
[WhiteElo "2264"]
[BlackElo "2079"]
[Annotator "TA"]
[PlyCount "115"]
[EventDate "2022.08.05"]
[EventType "swiss"]
[EventCountry "NED"]
[SourceTitle "playchess.com"]
[Source "ChessBase"]
[SourceQuality "1"]
[TimeControl "40/5400+30:1800+30"]

1. e4 d5 2. Nc3 d4 3. Nce2 e5 4. Nf3 f6 5. Ng3 Be6 6. Bb5+ c6 {[%emt 0:00:08] A00: Irregular Openings.} 7. Ba4 Na6 8. Bb3 Bxb3 {[%emt 0:00:10] Black is slightly better.} 9. axb3 d3 {[%emt 0:00:07] And now ...Nb4 would win.} 10. O-O Nb4 11. Ne1 dxc2 12. Nxc2 Nd3 $1 13. Ne1 Nxc1 14. Qxc1 {[%emt 0:00:14] [#]} Nh6 $146 ({Predecessor:} 14... Qb6 15. Qc4 O-O-O 16. Nc2 Nh6 17. d4 exd4 18. Rfd1 Kb8 19. Nxd4 Bc5 20. Nge2 Ng4 21. Rac1 Bxd4 22. Nxd4 {1-0 (54) Eggleston,D-Vujatovic,R (2265) Edinburgh 2003}) 15. Nf3 Qb6 16. Qc4 (16. d4 $5) 16... O-O-O $1 17. Ne2 Kb8 (17... Bd6 $15) 18. h3 (18. d4 $11) 18... Qc7 (18... g5 $15) 19. Rfc1 Nf7 20. d4 exd4 21. Nfxd4 Ne5 22. Qc3 (22. Qc2 $1 $11 {was preferrable.} Qb6 23. Ne6) 22... Qb6 $17 23. Ra4 {[%emt 0:01:07] Against Bb4} c5 (23... g5 $1 $17) 24. Nf3 $1 $11 Rd3 25. Nxe5 Rxc3 26. Nd7+ Kc7 {[%emt 0:00:09] White must now prevent ...Rxc1+.} 27. Nxb6 Rxc1+ 28. Nxc1 {[%emt 0:00:05] Nd5+ is the strong threat.} Kxb6 {[%emt 0:00:07][%mdl 4096] Endgame KRB-KRN} 29. Ne2 Bd6 30. f4 {[%emt 0:01:00] Prevents Be5.} a6 31. Kf2 Kc6 32. Ke3 Rd8 33. Ra1 (33. h4 $11 {should be considered.}) 33... Bc7 (33... Bb8 $5 ) 34. h4 h5 (34... Bb6 $5 35. Nc3 c4+ 36. Ke2 cxb3 $15) 35. Nc3 Rd7 36. Rd1 (36. Rc1 $11 {keeps the balance.}) 36... Rxd1 $17 37. Nxd1 {[%emt 0:00:02] [#] KB-KN} b5 ({Black should try} 37... c4 $1 $17 38. bxc4 Kc5) 38. Kf3 $11 g6 39. g4 Kd7 40. Ne3 Ba5 $2 {[%emt 0:02:44] [#]} (40... hxg4+ $11 {and Black is okay.} 41. Kxg4 Ke6) 41. f5 $1 $18 gxf5 42. exf5 ({But not} 42. gxh5 fxe4+ 43. Kxe4 Ke6 $11) ({Better is} 42. Nxf5 Ke8 43. gxh5) 42... hxg4+ $16 43. Nxg4 Ke7 44. Ke4 Be1 45. h5 a5 46. Kd5 c4 $2 (46... a4 $16) 47. bxc4 (47. h6 $142 Kf7 48. bxc4 bxc4 49. Kxc4) 47... b4 48. h6 {[%emt 0:00:00] White mates.} Kf7 49. c5 a4 50. Kc4 b3 51. c6 Ba5 52. h7 Kg7 {[%emt 0:00:03] [#]} 53. Nxf6 $1 Kh8 54. Nd5 a3 55. Kxb3 ({Stronger than} 55. c7 Bxc7 56. bxa3 (56. Nxc7 axb2 57. f6 b1=Q 58. Nd5 Qc2+ 59. Nc3 b2 60. Kd4 Qf2+ 61. Kd3 Qxf6 62. Kd2 Kxh7 63. Kd3 Qxc3+ 64. Kxc3 b1=Q 65. Kd4 Qc2 66. Kd5 Qa4 67. Ke5 Kg6 68. Kd5 Kf6 69. Kc5 Ke6 70. Kb6 Kd6 71. Kb7 Qb5+ 72. Ka7 Kc7 73. Ka8 Qb8#) 56... b2 $11) 55... axb2 56. Kxb2 Kxh7 57. c7 Bxc7 58. Nxc7 {[%emt 0:00:00] Weighted Error Value: White=0.14 (very precise) /Black=0.26 (precise)} 1-0

[Event "24th Hoogeschool Zeeland 2022"]
[Site "Vlissingen"]
[Date "2022.08.12"]
[Round "8.18"]
[White "Laux, Dominik"]
[Black "Manshanden, Nick"]
[Result "1-0"]
[ECO "C54"]
[WhiteElo "2320"]
[BlackElo "2065"]
[Annotator "TA"]
[PlyCount "67"]
[EventDate "2022.08.05"]
[EventType "swiss"]
[EventCountry "NED"]
[SourceTitle "playchess.com"]
[Source "ChessBase"]
[SourceQuality "1"]
[TimeControl "40/5400+30:1800+30"]

1. e4 e5 2. Nf3 Nc6 3. Bc4 Bc5 4. c3 Nf6 5. d3 O-O 6. O-O d5 7. exd5 Nxd5 8. Re1 Bg4 9. h3 {[%emt 0:01:21] 9.Nbd2 is more advanced technology. C54: Giuoco Piano: 4 c3 Nf6, main lines with 5 d4 and 5 d3.} Bh5 10. b4 Ndxb4 11. g4 $1 $14 {[%emt 0:06:45] White is slightly better.} (11. cxb4 Bxf3 12. Qxf3 Bd4 $17) 11... e4 $1 12. cxb4 (12. gxh5 exf3 13. Na3 (13. cxb4 $2 Bd4 $19) 13... Qf6 14. cxb4 Bxb4 $19) 12... Bxf2+ 13. Kxf2 exf3 14. Qxf3 ({But not} 14. gxh5 Qh4+ 15. Kxf3 Qxh3+ 16. Kf2 Qh2+ 17. Kf1 Qh1+ 18. Kf2 Qh2+ 19. Kf1 Qh1+ 20. Kf2 Qh2+ $11) 14... Qd4+ 15. Be3 Qxa1 16. Nd2 $36 {[%emt 0:00:00][%cal Bb1d2,Bd2e4,Be4f6][%mdl 2080] [#] White is more active.} Qc3 $146 {[%emt 0:04:03] aiming for ...Bg6. Black is now going downhill.} ({Predecessor:} 16... Qb2 17. gxh5 Ne5 18. Qxb7 Rad8 19. Qe4 Nxc4 20. Qxc4 Rfe8 21. Re2 Qe5 22. Nf3 Qxh5 23. Bxa7 Rxe2+ 24. Kxe2 Qxh3 {1-0 (55) Dai,C (2351)-Peng,X (2189) Harbin 2016}) 17. Ne4 Qa3 18. gxh5 $18 {[%emt 0:00:00] Black must now prevent Re2.} Ne5 $2 (18... Qb2+ 19. Re2 Qe5) 19. Nf6+ Kh8 20. Qf5 {[%emt 0:00:00][%csl Gf6][%cal Rf5h7] Active counter play!} Qb2+ 21. Re2 Nxd3+ 22. Bxd3 {[%emt 0:00:00][%csl Gd3,Gf6][%cal Rf5h7] Dancing on a razor blade.} ({And not} 22. Qxd3 Qxf6+ 23. Kg3 Rad8 $11) 22... Qxf6 23. Qxf6 gxf6 24. Bd4 Kg7 25. Kf3 {[%emt 0:00:00] Intending Rg2+ and mate.} Rad8 $2 (25... Rg8 $18 26. Rg2+ Kh6) 26. Rg2+ Kh6 27. Be3+ {[%emt 0:00:00] A strong pair of Bishops.} Kxh5 28. Be2 Rg8 {[%emt 0:02:50] [#]} 29. Kf4+ $1 Kh4 30. Bg4 (30. Rg4+ $142 Kh5 31. Rxg8+ Kh4 {[#]} 32. Bg4 $1 Rd4+ 33. Bxd4 h6 34. Bxf6#) 30... Rxg4+ 31. hxg4 Kh3 {[%emt 0:00:29] Inhibits Rh2+.} 32. Rd2 Rg8 33. Kf3 {[%emt 0:00:00] White threatens Bf4 and mate.} f5 34. g5 {[%emt 0:00:00] Weighted Error Value: White=0.37/Black=0.80} 1-0

[Event "24th Hoogeschool Zeeland 2022"]
[Site "Vlissingen"]
[Date "2022.08.12"]
[Round "8.19"]
[White "De Jong, Tom"]
[Black "Le Clercq, Maxim"]
[Result "1-0"]
[ECO "B12"]
[WhiteElo "2203"]
[BlackElo "2049"]
[Annotator "TA"]
[PlyCount "47"]
[EventDate "2022.08.05"]
[EventType "swiss"]
[EventCountry "NED"]
[SourceTitle "playchess.com"]
[Source "ChessBase"]
[SourceQuality "1"]
[TimeControl "40/5400+30:1800+30"]

1. e4 c6 2. d4 d5 3. e5 Bf5 4. h4 h5 5. Bd3 Bxd3 6. Qxd3 e6 7. Bg5 {[%emt 0:00:29] B12: Caro-Kann: Advance Variation.} Qa5+ (7... Qb6 $5 ) 8. Nd2 c5 9. dxc5 {[%emt 0:06:48] The position is equal.} Nd7 10. Ngf3 Nxc5 11. Qe2 Ne4 12. O-O {[%emt 0:07:51] [#]} Nxg5 $146 ({Predecessor:} 12... Nxd2 13. Bxd2 Qa6 14. Qxa6 bxa6 15. c4 dxc4 16. Rfc1 Rc8 17. Rc2 Bc5 18. Rac1 Bb6 19. Rxc4 Rxc4 20. Rxc4 {½-½ (41) Matinian,N (2473)-Turov,M (2609) St Petersburg 2015}) 13. Nxg5 {[%emt 0:00:46] Black must now prevent c4.} Be7 14. c4 Bxg5 15. hxg5 {[%emt 0:00:04] Strongly threatening cxd5.} Ne7 16. Rfd1 Qa6 17. Qf3 dxc4 $2 {[%emt 0:00:00] This costs Black the game.} (17... Rc8 $14) 18. Ne4 $18 {[%emt 0:06:49] aiming for Nd6+.} O-O $2 {[%emt 0:00:00] [#]} (18... Nf5 $18 19. g6 Qc6) 19. Qxh5 (19. Nf6+ $142 $1 gxf6 20. gxf6 Qc6 21. Qg3+ Ng6 22. Qg5 Kh7 23. Qxh5+ Kg8 24. Qh6) 19... Rfd8 {[%emt 0:00:00] [#]} 20. Nf6+ $1 {[%emt 0:06:38][%mdl 512] White mates.} gxf6 21. gxf6 Nf5 22. g4 Rd4 23. gxf5 Rad8 24. Qg5+ {[%emt 0:00:00] Weighted Error Value: White=0.05 (flawless) /Black=0.90} 1-0

[Event "24th Hoogeschool Zeeland 2022"]
[Site "Vlissingen"]
[Date "2022.08.12"]
[Round "8.20"]
[White "Van der Kaap, Jos"]
[Black "Van de Poel, Taco"]
[Result "1-0"]
[ECO "D79"]
[WhiteElo "2187"]
[BlackElo "1818"]
[Annotator "TA"]
[PlyCount "55"]
[EventDate "2022.08.05"]
[EventType "swiss"]
[EventCountry "NED"]
[SourceTitle "playchess.com"]
[Source "ChessBase"]
[SourceQuality "1"]
[TimeControl "40/5400+30:1800+30"]

1. d4 Nf6 2. Nf3 g6 3. g3 Bg7 4. Bg2 c5 5. c3 cxd4 6. cxd4 d5 7. O-O O-O 8. Ne5 Bf5 9. Nc3 Ne4 10. Qb3 Nc6 {[%emt 0:20:14] D79: Fianchetto Grünfeld: Symmetrical Variation (6 0-0 c6 7 cxd5 cxd5).} 11. Rd1 {[%emt 0:04:18][%cal Bf1d1,Bd1d4,Bd4d5,Bd5b5,Bb5b7][%mdl 32] [#]} Nxd4 $1 12. Rxd4 Nxc3 {[%emt 0:00:00] The position is equal.} 13. bxc3 {[%emt 0:01:23] And now f4 would win.} Bxe5 14. Rxd5 Qc7 15. Bh6 Rfc8 16. Rb5 {[%emt 0:06:43] [#]} Qxc3 $146 ({Predecessor:} 16... Be6 17. Qa3 Rab8 18. Rc1 b6 19. c4 a6 20. Rbb1 a5 21. Qe3 Qc5 22. Bd5 Bd4 {½-½ (49) Pert,N (2548)-Adhiban,B (2659) Chess.com INT 2020}) 17. Rf1 Qxb3 18. axb3 Bg7 19. Bxg7 Kxg7 20. Rxb7 Kf6 21. e4 Be6 ({Much less strong is} 21... Bg4 22. e5+ Kxe5 23. Rb4 $16 (23. Rxe7+ Kf6 $11)) 22. e5+ Kxe5 (22... Kg7 $11) 23. Rb5+ $16 {[%emt 0:00:54][%mdl 64] [#] Discovered Attack} ({Much weaker is} 23. Rxe7 $6 Rab8 $11) 23... Kf6 24. Bxa8 Rxa8 25. Ra1 a6 26. Rb6 {[%emt 0:08:51] White is clearly better.} a5 27. Ra4 {[%emt 0:00:38] Strongly threatening b4.} Kg7 (27... Rd8 {was necessary.} 28. Rxa5 Rd1+ 29. Kg2 Kg7) 28. b4 {[%emt 0:01:28] Weighted Error Value: White=0.03 (flawless) /Black=0.23 (precise)} 1-0

[Event "24th Hoogeschool Zeeland 2022"]
[Site "Vlissingen"]
[Date "2022.08.12"]
[Round "8.21"]
[White "Galle, Andre"]
[Black "Duchene, Rene"]
[Result "0-1"]
[ECO "D34"]
[WhiteElo "1999"]
[BlackElo "2137"]
[Annotator "TA"]
[PlyCount "78"]
[EventDate "2022.08.05"]
[EventType "swiss"]
[EventCountry "NED"]
[SourceTitle "playchess.com"]
[Source "ChessBase"]
[SourceQuality "1"]
[TimeControl "40/5400+30:1800+30"]

1. c4 {[%emt 0:00:02] Ernst,T} e6 2. Nc3 d5 3. d4 c5 4. cxd5 exd5 5. Nf3 Nc6 6. g3 Nf6 7. Bg2 Be7 8. O-O O-O 9. Bg5 c4 10. Ne5 Be6 11. f4 Ng4 12. Bxe7 Nxe7 13. Qd2 {[%emt 0:11:41][%cal Of4f5] White wants to play f5!} Nh6 {[%emt 0:13:15] D34: Tarrasch Defence: 6 g3 Nf6 7 Bg2 Be7.} 14. h3 ({Better is} 14. e4 $14 f6 15. exd5 fxe5 16. dxe5) 14... f6 $11 15. Nf3 Nhf5 {[%emt 0:10:09] [#] The position is equal.} 16. Kh2 $146 ({Predecessor:} 16. g4 Nd6 17. f5 Bf7 18. Qf4 b5 19. Rad1 Qd7 20. Ne5 Qb7 21. Nxf7 Nxf7 22. e4 {0-1 (70) Onischuk,A (2535)-Graf,A (2575) Alushta 1994 CBM 042 [Ernst,T]}) 16... Nd6 17. Qe3 Bf7 18. g4 Re8 19. Qf2 Ne4 20. Nxe4 dxe4 21. Nd2 {[%emt 0:01:59] [#]} (21. Nh4 $17) 21... e3 $1 $19 22. Qxe3 Nd5 {[%emt 0:00:45] Prevents Qc3.} 23. Qf2 Ne3 {[%emt 0:00:33][%mdl 64] Discovered Attack} 24. Bxb7 $2 (24. Nf3) 24... Rb8 25. Bc6 Qxd4 (25... Rxb2 $142 26. Bxe8 Qxe8) 26. Bxe8 Rxe8 ({Weaker is} 26... Bxe8 27. Nf3 Nxf1+ 28. Kg1 Qxf4 29. Kxf1 $17) 27. Nf3 Nxf1+ ({Not} 27... Qxf4+ 28. Kg1 $17) 28. Rxf1 Qxb2 29. Nd4 c3 30. g5 $2 (30. e3) 30... c2 31. Qg1 fxg5 32. fxg5 Bd5 {[%emt 0:03:46] [#] aiming for ...Qc3.} 33. g6 (33. Rc1 $142 Rf8 34. Qe3 Qb8+ 35. Kg1) 33... Qb8+ 34. Qg3 Be4 35. gxh7+ Bxh7 36. Rc1 Rc8 (36... Qd8 $142 37. e3 Qa5) 37. Qxb8 Rxb8 38. Kg3 $2 (38. Nb3 Re8 39. Re1) 38... Rb1 39. Nb3 a5 {[%emt 0:00:31] White got outplayed after the opening.  Weighted Error Value: White=1.23/Black=0.70} 0-1